 Dungeon Crawl Stone Soup version 0.32-a0-921-g04a7ad8e02 (webtiles) character file.

Game seed: 2686278076490712289

2619 mojasp the Fighter (level 9, -1/84 HPs)
             Began as a Mountain Dwarf Fighter on Apr 12, 2024.
             Was a High Priest of Zin.
             Slain by a killer bee (2 damage)
             ... on level 7 of the Dungeon.
             The game lasted 00:10:02 (6201 turns).

mojasp the Fighter (Mountain Dwarf Fighter)         Turns: 6201, Time: 00:10:02

Health: -1/84      AC: 13    Str: 22    XL:     9   Next: 34%
Magic:  0/15       EV:  8    Int: 10    God:    Zin [*****.]
Gold:   650        SH:  4    Dex:  9    Spells: 8/8 levels left

rFire   + . .        a - +0 war axe
rCold   . . .        c - +0 buckler
rNeg    + . .        m - +3 scale mail {rF+}
rPois   +            (no helmet)
rElec   .            e - +1 cloak {rPois}
rCorr   .            h - +0 pair of gloves
SInv    .            (no boots)
Will    +....        n - amulet of guardian spirit Stlth
                     l - ring of willpower
HPRegen 0.34/turn    s - ring of positive energy
MPRegen 0.14/turn

%: guardian spirit
@: lethally poisoned (-1 -> -16), on recite cooldown, hasted and slowed
A: runic magic, artefact enchanting
a: Renounce Religion, Recite, Vitalisation, Imprison, Sanctuary, Donate Gold


You were on level 7 of the Dungeon.
You worshipped Zin.
Zin was extremely pleased with you.
You visited 1 branch of the dungeon, and saw 7 of its levels.

You collected 1256 gold pieces.
You donated 606 gold pieces to Zin.

Inventory:

Hand Weapons
 a - a +0 war axe (weapon)
Missiles
 i - a throwing net
Armour
 b - a +0 scale mail
 c - a +0 buckler (worn)
 e - a +1 cloak of poison resistance (worn)
 g - a +0 plate armour
 h - a +0 pair of gloves (worn)
 m - a +3 scale mail of fire resistance (worn)
Jewellery
 j - a ring of ice
 l - a ring of willpower (left hand)
 n - an amulet of guardian spirit (around neck)
 s - a ring of positive energy (right hand)
 t - a +6 ring of strength
 u - a ring of flight
 y - a ring of protection from fire
Wands
 d - a wand of flame (14)
Scrolls
 o - 3 scrolls of revelation
 r - a scroll of noise {unknown}
 w - a scroll of poison
 x - a scroll of blinking {unknown}
Potions
 f - a potion of haste
 k - a potion of enlightenment {unknown}
 p - a potion of brilliance {unknown}


   Skills:
 + Level 9.6 Fighting
 + Level 9.2 Axes
 - Level 3.2 Armour
 - Level 3.2 Shields
 + Level 8.3 Invocations


You had 8 spell levels left.
You didn't know any spells.
Your spell library contained the following spells:

 Spells                   Type           Power      Damage    Failure   Level
 Sandblast                Erth           0%         2d4       52%         1
 Shock                    Conj/Air       0%         1d3       52%         1
 Blink                    Tloc           0%         N/A       65%         2
 Call Imp                 Summ           0%         N/A       65%         2
 Lesser Beckoning         Tloc           0%         N/A       65%         2
 Momentum Strike          Conj/Tloc      0%         3d8       65%         2
 Sublimation of Blood     Necr           0%         N/A       65%         2
 Stone Arrow              Conj/Erth      0%         3d7       87%         3
 Swiftness                Air            0%         N/A       87%         3
 Airstrike                Air            0%         2d(0-16)  99%         4
 Brom's Barrelling Bould  Conj/Erth      0%         2d3       99%         4
 Summon Hydra             Summ           0%         N/A       100%        7


Dungeon Overview and Level Annotations

Branches:
Dungeon (7/15)             Temple (0/1) D:6

Altars:
Nemelex Xobeh
Qazlal
Sif Muna
Uskayaw
Wu Jian
Zin
The Shining One


Innate Abilities, Weirdness & Mutations

Your spellcasting is much less encumbered by armour.
You can use scrolls of enchantment on lesser artefacts.


Message History

Something misses the killer bee.
You closely miss the killer bee.
The killer bee is lightly wounded.
You slash the killer bee!
You kill the killer bee!
You feel sick.
The killer bee stings you but does no damage.
You miss the killer bee.
The killer bee is lightly wounded.
You feel sick.
The kobold brigand seems less confused.
You block the killer bee's attack.
The kobold throws a stone.
The stone barely misses you. The killer bee closely misses you.
You miss the killer bee.
The killer bee is lightly wounded.
You hit the kobold.
You kill the kobold!
You feel sick. The killer bee closely misses you.
You closely miss the killer bee.
The killer bee is lightly wounded.
You slash the kobold!
You kill the kobold!
You feel sick. The killer bee barely misses you.
The killer bee stings you but does no damage.
You miss the killer bee.
The killer bee is lightly wounded.
You feel sick. You block the killer bee's attack.
Okay, then.
Unknown command.
You slash the killer bee!
The killer bee is severely wounded.
The killer bee stings you.
* * * LOW HITPOINT WARNING * * *
The kobold brigand throws a curare-tipped dart.
The curare-tipped dart hits you.
You are lethally poisoned!
You have difficulty breathing.
* * * LOW HITPOINT WARNING * * *
You feel yourself slow down. The killer bee stings you.
You die...

##...#<..###...<...#
#.#...##.......##.....
#..##.##.......# ...
#..##..........##. .
#.#####...........#
#.#..##...........).
#....##.........####
#.._.##..†......#
#....##..@y###.###
###..#####).......
#### #.).......
#..K....)..
#..........
#..).......
#.....>....
#..........
##.........


You could see a kobold brigand and a killer bee.

Vanquished Creatures
  The ghost of icebreaker629 the Chopper, a novice HuBe of Trog (D:6)
  Sigmund (D:3)
  A steam dragon (D:6)
  3 water moccasins
  An orc warrior (D:4)
  An ogre (D:5)
  A phantom (D:4)
  Blork the orc (D:4)
  A bullfrog (D:6)
  3 scorpions
  5 killer bees (D:7)
  2 howler monkeys (D:6)
  A bombardier beetle (D:4)
  3 hounds
  3 orc priests (D:4)
  Crazy Yiuf (D:3)
  A gnoll bouda (D:6)
  3 sleepcaps
  6 iguanas
  Ijyb (D:3)
  5 gnolls (D:6)
  6 adders
  A white imp (D:5)
  4 ufetubi (D:6)
  2 ribbon worms
  A dart slug (D:4)
  11 orcs
  5 ball pythons
  2 bats (D:2)
  5 endoplasms
  5 giant cockroaches
  7 goblins
  4 hobgoblins
  3 jackals (D:5)
  A quokka (D:1)
  2 frilled lizards (D:2)
  13 kobolds
  5 rats
122 creatures vanquished.

Notes
Turn   | Place    | Note
-------+----------+-------------------------------------------
     0 | D:1      | mojasp the Mountain Dwarf Fighter began the quest for the
                  | Orb.
     0 | D:1      | Reached XP level 1. HP: 19/19 MP: 1/1
   270 | D:1      | Reached XP level 2. HP: 22/27 MP: 2/2
  1172 | D:2      | Reached XP level 3. HP: 33/33 MP: 3/3
  1544 | D:2      | Found a sparkling altar of Nemelex Xobeh.
  2028 | D:3      | Noticed Sigmund
  2039 | D:3      | Killed Sigmund
  2040 | D:3      | Reached skill level 5 in Fighting
  2040 | D:3      | Reached XP level 4. HP: 35/44 MP: 4/4
  2040 | D:3      | Reached XP level 5. HP: 40/50 MP: 5/5
  2083 | D:3      | Noticed Ijyb
  2098 | D:3      | Killed Ijyb
  2150 | D:3      | Found a runed translucent door.
  2151 | D:3      | Noticed Crazy Yiuf
  2481 | D:3      | Found a glowing silver altar of Zin.
  2586 | D:3      | Became a worshipper of Zin the Law-Giver
  2586 | D:3      | Reached * piety under Zin
  2623 | D:3      | Killed Crazy Yiuf
  2782 | D:4      | Reached skill level 1 in Invocations
  2782 | D:4      | Reached XP level 6. HP: 57/57 MP: 6/6
  2890 | D:4      | Reached skill level 5 in Axes
  3278 | D:4      | Noticed an orc warrior
  3292 | D:4      | Reached XP level 7. HP: 49/64 MP: 7/9
  3711 | D:4      | Noticed Blork the orc
  3767 | D:4      | Identified a scroll of acquirement
  3773 | D:4      | Killed Blork the orc
  3939 | D:4      | Acquired 845 gold pieces
  3940 | D:4      | Reached ** piety under Zin
  3940 | D:4      | Reached *** piety under Zin
  3941 | D:4      | Donated 481 gold pieces to Zin
  4004 | D:4      | Reached **** piety under Zin
  4063 | D:5      | Entered Level 5 of the Dungeon
  4171 | D:5      | Reached skill level 5 in Invocations
  4176 | D:5      | Reached XP level 8. HP: 45/74 MP: 6/11
  4592 | D:5      | Identified the beast talisman of Codeuwn {Fly Int+2}
  5240 | D:6      | Found a runed translucent door.
  5243 | D:6      | Noticed icebreaker629's ghost (novice HuBe)
  5470 | D:6      | Reached ***** piety under Zin
  5525 | D:6      | Found a staircase to the Ecumenical Temple.
  5670 | D:6      | Found a glowing golden altar of the Shining One.
  5674 | D:6      | Found a hide-covered altar of Uskayaw.
  5675 | D:6      | Found an ornate altar of the Wu Jian Council.
  5675 | D:6      | Found a stormy altar of Qazlal.
  6001 | D:6      | Killed icebreaker629's ghost
  6002 | D:6      | Reached XP level 9. HP: 58/83 MP: 12/14
  6147 | D:7      | Found a shimmering blue altar of Sif Muna.
  6201 | D:7      | HP: 1/84 [asphyx]
  6201 | D:7      | Slain by a killer bee

Illustrated notes

Levels and vault maps discovered:
D:1:      tarquinn_simple_flora_water_e, layout_basic
D:2:      minmay_skewed_foursquare, layout_basic, basic_altar
D:3:      layout_basic, zin_academy, fountainhead, kennysheep_nub, uniq_sigmund,
          uniq_ijyb, uniq_crazy_yiuf_cottage
D:4:      layout_gridville, uniq_blork_the_orc
D:5:      layout_basic
D:6:      layout_basic, minitemple, lemuel_temple_firewalk_b,
          ebering_ghost_sewer_d
D:7:      minmay_the_grid_triangle_9x9_recursive_2
          [minmay_the_grid_triangle_9x9_prize_insulated,
          minmay_the_grid_triangle_9x9_stretched_checkered,
          minmay_the_grid_triangle_9x9_wacky_v,
          minmay_the_grid_triangle_9x9_odd_lines], layout_rooms,
          mainiacjoe_overflow_alcove_1, minmay_diced_spiral

Skill      XL: |  1  2  3  4  5  6  7  8  9 |
---------------+----------------------------+-----
Fighting       | 4 5 6 7 9 |  9.6
Axes           | 3 4 5 6 8 9 |  9.2
Invocations    | 1 3 5 7 8 |  8.3
Armour         | |  3.2
Shields        | |  3.2

Action                     |  1- 3 |  4- 6 |  7- 9 || total
---------------------------+-------+-------+-------++-------
  Melee: War axe           |   114 |    81 |   254 ||   449
 Invoke: Recite            |       |     1 |    12 ||    13
         Donate Gold       |       |       |     1 ||     1
    Use: Potion            |     1 |     2 |     6 ||     9
         Scroll            |       |     4 |     3 ||     7
   Stab: Invisible         |       |     1 |     3 ||     4
 Armour: Scale mail        |   100 |    65 |   341 ||   506
  Dodge: Dodged            |    54 |    40 |   175 ||   269
  Block: Buckler           |    23 |    21 |    87 ||   131

Table legend: (Time is in decaauts)
 A = Elapsed time spent in this place.
 B = Non-inter-level travel time spent in this place.
 C = Inter-level travel time spent in this place.
 D = Time resting spent in this place.
 E = Time spent auto-exploring this place.
 F = Levels seen in this place.
 G = Mean time per level.
                   A        B        C        D        E       F      G
               +--------+--------+--------+--------+--------+-----+--------+
         Total |   6309 |   6106 |    203 |    385 |   4681 |   7 |  901.3 |
       Dungeon |   6309 |   6106 |    203 |    385 |   4681 |   7 |  901.3 |
               +--------+--------+--------+--------+--------+-----+--------+

Top non-repeatable levels by time:
     D:4: 1299 daAuts
     D:6: 1090 daAuts
     D:3: 1071 daAuts
     D:5: 989 daAuts
     D:2: 919 daAuts
     D:1: 850 daAuts
     D:7: 88 daAuts
